Unix NetHack Version 5.0.0-0 post-release - last build May 10 2026 23:12:36 (d1fa5d53e341ca933230fdaa984d921c805b60aa,branch:main).

Game began 2026-05-12 19:04:59, ended 2026-05-12 19:21:32.

CaptainEquinox, neutral female human Valkyrie

                                         -----------
                 ------------            |.........|
                 |..........|            |..........
                #...........|            |..{......|
              ###|..........|            |.........|    #
              #  |...........#####       |..........#####`#####        -----
            ###  |..........|            --.--------   ################o@..|
            #    |..........|              #           #######         |e..|
 -----      #    ----|-------              #           #               |)..|
 |...|      #        #                    ##         ###                ...|
 |....#########      #                #####          #                 |...|
 |...|    ##        #`             ---.----------    #                 |...|
 |...-#####         #             #.............| #########            -----
 |...|              #        ######|.......)....|  ###
 -----              #        #     |..........<..###
                 ---.--.-    #     |............|
                 |.....)-#####     |............+
                 |....^.|          --------------
                 --------

CaptainEquinox the Skirmisher  St:18 Dx:14 Co:18 In:8 Wi:10 Ch:9  Neutral
Dlvl:4  $:477 HP:0(33) Pw:8(8) AC:-1 Xp:3 T:2225 

Latest messages:
 What do you want to throw? [$gJ or ?*] ?
 You only have 1.
 What do you want to throw? [$gJ or ?*] g
 In what direction? 4
 The orcish dagger hits the large kobold.
 You kill the large kobold!
 You see here an uncursed orcish dagger.
 You see here a +0 dagger.
 You learn more about your items by comparing them.
 J - a +0 dagger (2 in total).
 There is nothing here to pick up.
 You see here an uncursed orcish dagger.
 g - an uncursed orcish dagger (at the ready).
 You hear the splashing of a naiad.
 You try to move the boulder, but in vain.
 What do you want to throw? [$gJ or ?*] b
 You don't have that object.
 What do you want to throw? [$gJ or ?*] ?
 In what direction? 2
 The orcish dagger hits the floating eye.
 You miss the floating eye.
 You are frozen by the floating eye's gaze!
 You hear some noises in the distance.
 The hobgoblin swings her scimitar.
 The hobgoblin misses!
 The hobgoblin swings her scimitar.
 The hobgoblin misses!
 The hobgoblin swings her scimitar.
 The hobgoblin misses!
 The hobgoblin swings her scimitar.
 The hobgoblin hits!
 The hobgoblin swings her scimitar.
 The hobgoblin hits!
 The hobgoblin swings her scimitar.
 The hobgoblin misses!
 The hobgoblin swings her scimitar.
 The hobgoblin hits!
 The hobgoblin swings her scimitar.
 The hobgoblin misses!
 The hobgoblin swings her scimitar.
 The hobgoblin hits!
 The hobgoblin swings her scimitar.
 The hobgoblin misses!
 The hobgoblin swings her scimitar.
 The hobgoblin misses!
 The hobgoblin swings her scimitar.
 The hobgoblin hits!
 You die...
 Do you want your possessions identified? [ynq] (y) y
 Do you want to see your attributes? [ynq] (y) q

Inventory:
 Coins    ('$')
  $ - 477 gold pieces
 Weapons  (')')
  J - 2 +0 daggers
  a - a +1 spear (weapon in right hand)
 Armor    ('[')
  h - an uncursed +0 orcish helm (being worn)
  m - an uncursed +0 orcish helm
  c - an uncursed +3 small shield (being worn)
  v - an uncursed +0 dwarvish cloak
  o - an uncursed +0 banded mail (being worn)
 Comestibles  ('%')
  d - an uncursed food ration
 Scrolls  ('?')
  x - an uncursed scroll of amnesia
  H - an uncursed scroll of charging
  w - an uncursed scroll of create monster
  D - a blessed scroll of destroy armor
  E - an uncursed scroll of enchant weapon
  t - 3 uncursed scrolls of identify named identify
  C - an uncursed scroll of remove curse
  s - an uncursed scroll of scare monster
 Spellbooks  ('+')
  F - an uncursed spellbook of cone of cold
 Potions  ('!')
  l - an uncursed potion of gain energy
  j - 2 blessed potions of healing
  k - 2 cursed potions of healing
 Wands    ('/')
  n - a wand of light (0:12)
 Tools    ('(')
  e - an uncursed oil lamp
  r - an uncursed tin opener
  f - an uncursed tin whistle
 Gems/Stones  ('*')
  z - an uncursed worthless piece of black glass
  G - an uncursed worthless piece of red glass

CaptainEquinox the Valkyrie's attributes:

Background:
 You were a Skirmisher, a level 3 human Valkyrie.
 You were neutral, on a mission for Odin
 who was opposed by Tyr (lawful) and Loki (chaotic).
 You were right-handed.
 You were in the Dungeons of Doom, on level 4.
 You entered the dungeon 2225 turns ago.
 You had 78 experience points, 2 more were needed to attain level 4.

Basics:
 You had 0 out of 33 hit points.
 You had all 8 energy points (spell power).
 Your armor class was -1.
 Your wallet contained 477 zorkmids.
 Autopickup was off.

Final Characteristics:
 Your strength was 18 (limit:18/100).
 Your dexterity was 14 (limit:18).
 Your constitution was 18 (limit:18).
 Your intelligence was 8 (limit:18).
 Your wisdom was 10 (limit:18).
 Your charisma was 9 (limit:18).

Final Status:
 You weren't hungry.
 You were unencumbered.
 You were wielding a spear.
 You had basic skill with spear.

Final Attributes:
 You were piously aligned.
 You were cold resistant.
 You were stealthy.
 You were warded.
 You are dead.

Miscellaneous:
 You didn't encounter any bones levels.
 Total elapsed playing time was 16 minutes and 33 seconds.

Major events:
 Turn
    1: CaptainEquinox the neutral human Valkyrie entered the dungeon
  859: read a Discworld novel
  859: attained the rank of Skirmisher (level 3)
 2225: killed by a hobgoblin, while frozen by a floating eye's gaze

You didn't know any spells.

Skills:
 Fighting Skills
   bare handed combat [Unskilled]
   two weapon combat  [Unskilled]
   riding             [Unskilled]
 Weapon Skills
   dagger             [Basic]
   axe                [Unskilled]
   pick-axe           [Unskilled]
   short sword        [Unskilled]
   broadsword         [Unskilled]
   long sword         [Unskilled]
   two-handed sword   [Unskilled]
   saber              [Unskilled]
   hammer             [Unskilled]
   quarterstaff       [Unskilled]
   polearms           [Unskilled]
   spear              [Basic]
   trident            [Unskilled]
   lance              [Unskilled]
   sling              [Unskilled]
 Spellcasting Skills
   attack spells      [Unskilled]
   escape spells      [Unskilled]

Voluntary challenges:
 Character rerolling was not enabled.
 You never genocided any monsters.
 You never polymorphed an object.
 You never changed form.
 You used no wishes.
Achievements:
 You entered a shop.
 You read from a Discworld novel.
 You attained the rank of Skirmisher.

 The Dungeons of Doom: levels 1 to 4
    Level 1:
       An altar to Odin.
    Level 2:
       A scroll shop, a fountain.
    Level 3:
    Level 4: <- You were here.
       A fountain.
       Final resting place for
          you, killed by a hobgoblin, while frozen by a floating eye's gaze.


Vanquished creatures:
  a shrieker
  a floating eye
  2 hobbits
  a large kobold
  a hobgoblin
  2 cave spiders
  a gnome
  2 jackals
  a kobold
  2 goblins
  2 sewer rats
  4 grid bugs
  a lichen
  4 newts
25 creatures vanquished.

No species were genocided or became extinct.

Game over:
                       ----------
                      /          \
                     /    REST    \
                    /      IN      \
                   /     PEACE      \
                  /                  \
                  |  CaptainEquinox  |
                  |      477 Au      |
                  |   killed by a    |
                  |    hobgoblin     |
                  |                  |
                  |                  |
                  |       2026       |
                 *|     *  *  *      | *
        _________)/\\_//(\/(/\)/\//\/|_)_______

Farvel CaptainEquinox the Valkyrie...

You died in The Dungeons of Doom on dungeon level 4 with 892 points,
and 477 pieces of gold, after 2225 moves.
You were level 3 with a maximum of 33 hit points when you died.

